 Dungeon Crawl Stone Soup version 0.31-a0-152-g6aa68a64a1 (webtiles) character file.

Game seed: 10615939743985218182

109 qw the Shooter (level 4, -1/40 HPs)
             Began as a Minotaur Hunter on June 9, 2023.
             Slain by an orc warrior
             ... wielding a +0 short sword
              (5 damage)
             ... on level 3 of the Dungeon.
             The game lasted 00:00:46 (2300 turns).

qw the Shooter (Minotaur Hunter)                    Turns: 2300, Time: 00:00:47

Health: -1/40      AC:  3    Str: 15    XL:     4   Next: 60%
Magic:  3/3        EV: 12    Int:  6    God:
Gold:   71         SH:  5    Dex: 16    Spells: 3/3 levels left

rFire   + . .        Y - +2 shortbow
rCold   + + .        (shield currently unavailable)
rNeg    . . .        c - +0 leather armour
rPois   .            (helmet restricted)
rElec   .            (no cloak)
rCorr   .            (no gloves)
SInv    .            (no boots)
Will    .....        b - amulet "Vuymaidur" {Reflect rF+ SH+5}
Stlth   +            e - ring of protection from cold
HPRegen 0.26/turn    f - ring of protection from cold
MPRegen 0.08/turn

%: reflection
@: no status effects
A: horns 2, retaliatory headbutt
a: no special abilities


You were on level 3 of the Dungeon.
You visited 1 branch of the dungeon, and saw 3 of its levels.

You collected 71 gold pieces.


Innate Abilities, Weirdness & Mutations

You have a pair of horns on your head.
You reflexively headbutt those who attack you in melee.


   Skills:
 - Level 4.0 Fighting
 + Level 6.0 Ranged Weapons
 - Level 2.1 Dodging
 - Level 0.7 Stealth


You had 3 spell levels left.
You didn't know any spells.
Your spell library was empty.

Inventory:

Hand Weapons
 Y - a +2 shortbow (weapon)
Armour
 c - a +0 leather armour (worn)
Jewellery
 b - the amulet "Vuymaidur" (around neck) {Reflect rF+ SH+5}
   (You found it on level 2 of the Dungeon)

   [amulet of reflection]

   It reflects blocked missile attacks.
   rF:        It protects you from fire.
   SH:        It affects your SH (+5).
 e - a ring of protection from cold (left hand)
 f - a ring of protection from cold (right hand)
Scrolls
 h - a scroll of identify
 j - a scroll of amnesia {unknown}
 m - a scroll of blinking {unknown}
Potions
 a - a potion of enlightenment {unknown}
 d - a potion of cancellation {unknown}
 g - a potion of heal wounds {unknown}
 i - a potion of attraction {unknown}
 l - a potion of berserk rage {unknown}

Dungeon Overview and Level Annotations

Branches:
Dungeon (3/15)

Altars:


Message History

The arrow barely misses the orc warrior.
The arrow barely misses the orc wizard.
The arrow closely misses the orc.
You shoot an arrow.
The arrow hits the orc warrior but does no damage.
The orc warrior is heavily wounded.
The orc warrior hits you with a +0 short sword!
You shoot an arrow.
The arrow hits the orc warrior but does no damage.
The orc warrior is heavily wounded.
You block the orc warrior's attack.
You shoot an arrow.
The arrow barely misses the orc warrior.
The arrow closely misses the orc wizard.
The arrow hits the orc!
You kill the orc!
You shoot an arrow.
The arrow closely misses the orc warrior.
The arrow hits the orc wizard but does no damage.
The orc warrior hits you with a +0 short sword!
The orc wizard casts a spell.
The orc wizard flickers and vanishes!
Deactivating autopickup; reactivate with Ctrl-A.
You shoot an arrow. The arrow hits the orc warrior.
The orc warrior is severely wounded.
The orc warrior barely misses you.
You shoot an arrow. The arrow hits the orc warrior.
The orc warrior is almost dead.
You shoot an arrow. The arrow hits the orc warrior.
The orc warrior is almost dead.
The orc warrior hits you with a +0 short sword!
You shoot an arrow.
The arrow barely misses the orc warrior.
The arrow hits the orc.
You kill the orc!
Your Fighting skill increases to level 4!
You shoot an arrow.
The arrow closely misses the orc warrior.
The orc warrior barely misses you.
The orc warrior hits you with a +0 short sword.
You die...

####.#.#.#.#.#+#+#.#.#+#+#'####..
....#.#.#.#.#.#.#.#.#.#.#.## #..
####.#.#.#.#.#.#.#.#.#.#.#.# #..
###.#.#.#^#.#.#.#.#.#.#.#.## #..
.###.#.#.#.#.#.#.#.#.#.#+#.# #..
.##.#.#+#.#.#.#.#.#.#.#%..######'
...#+#...#.#.#.#.#.#.#....'......
...%.....+#.#.#)#.#.#.#...######.
.........#.#.#.#@#.#.#....'# #.
..........#.#.#.#o#.#.#...## #.
......+#.#.#.#.#.#{#.#.....#####.
......#.#.#.#.#.#.#)#.#.#.#......
.......#.#.#.#.#.#.#.#.#.#.######
....#.#.#.#.#.#.#.#.#.#.#.#...#
####.#.#.#.#.#.#.#.#.#.#.#.##.#
#.#.#.#.#.#.#.#.#.#.#)#.###.###
##.#.#.#.#.#.#.#.#.#.#.#.##.#..


You could see an orc warrior.

Vanquished Creatures
  A sleepcap (D:3)
  2 adders
  2 dart slugs
  4 orcs (D:3)
  5 ball pythons
  4 endoplasms
  3 giant cockroaches (D:1)
  7 goblins
  6 hobgoblins
  2 quokkas
  4 bats
  2 frilled lizards
  6 kobolds
  4 rats
52 creatures vanquished.

Notes
Turn   | Place    | Note
-------+----------+-------------------------------------------
     0 | D:1      | qw the Minotaur Hunter began the quest for the Orb.
     0 | D:1      | Reached XP level 1. HP: 18/18 MP: 0/0
     0 | D:1      | 0 ||| qw: Version: 0.2-a-121-gba3a3e5
     0 | D:1      | 0 ||| qw: Game counter: 3197
     0 | D:1      | 0 ||| qw: Always use a shield: true
     0 | D:1      | 0 ||| qw: God list: Okawaru
     0 | D:1      | 0 ||| qw: Allow faded altars: false
     0 | D:1      | 0 ||| qw: Do Orc after D:15 true
     0 | D:1      | 0 ||| qw: Do second Lair branch before Depths: true
     0 | D:1      | 0 ||| qw: Lair rune preference: random
     0 | D:1      | 0 ||| qw: Plans: Normal
     0 | D:1      | 0 ||| PLANNING D:1-11
   140 | D:1      | Reached XP level 2. HP: 21/25 MP: 1/1
   259 | D:1      | Reached skill level 5 in Ranged Weapons
   376 | D:1      | Reached skill level 3 in Fighting
   681 | D:1      | 681 ||| UPGRADING to ring of protection from cold.
   682 | D:1      | 682 ||| UPGRADING to ring of protection from cold.
   683 | D:1      | 683 ||| READING scroll labelled EMENE SOUTS.
   684 | D:1      | 684 ||| READING scroll labelled ECSENOTZAN.
   734 | D:1      | 734 ||| READING 2 scrolls labelled TOSAEN JIBU.
   735 | D:1      | 735 ||| READING 2 scrolls labelled SOIRUS POTYSS.
   736 | D:1      | 736 ||| READING scroll of enchant weapon.
   736 | D:1      | 736 ||| ENCHANTING +1 shortbow.
   737 | D:1      | 737 ||| DROPPING scroll of butterflies.
   924 | D:2      | Reached XP level 3. HP: 31/31 MP: 2/2
   974 | D:2      | Identified the amulet "Vuymaidur" {Reflect rF+ SH+5}
  1604 | D:2      | 1604 ||| UPGRADING to amulet "Vuymaidur" {Reflect rF+
                  | SH+5}.
  1609 | D:2      | 1609 ||| DROPPING +6 ring of intelligence.
  1610 | D:2      | 1610 ||| READING scroll labelled NOHIDE NIKLEKO.
  1614 | D:2      | 1614 ||| READING scroll labelled FIR OBBEKIAX.
  1777 | D:3      | Reached XP level 4. HP: 38/38 MP: 3/3
  1799 | D:3      | Reached skill level 6 in Ranged Weapons
  2150 | D:3      | Noticed an orc warrior
  2161 | D:3      | HP: 8/40 [orc/+0 hand axe (4)]
  2162 | D:3      | 2162 ||| READING scroll of teleportation.
  2295 | D:3      | HP: 10/40 [orc warrior/+0 short sword (12)]
  2298 | D:3      | HP: 3/40 [orc warrior/+0 short sword (8)]
  2300 | D:3      | Slain by an orc warrior

Levels and vault maps discovered:
D:1:      noname_arrival_rooms_in_the_neighbourhood, layout_loops_ring
D:2:      layout_loops_corners, kennysheep_crisscross
D:3:      layout_basic, shapermc_ecumenical_altar_pompeii

Skill      XL: |  1  2  3  4 |
---------------+-------------+-----
Ranged Weapons | 5 6 |  6.0
Fighting       | 3 4 |  4.0
Dodging        | |  2.1
Stealth        | |  0.7

Action                     |  1- 3 |  4- 6 || total
---------------------------+-------+-------++-------
   Fire: Shortbow          |   113 |    45 ||   158
    Use: Scroll            |     7 |     1 ||     8
 Armour: Leather armour    |    18 |     1 ||    19
  Dodge: Dodged            |    24 |    11 ||    35
  Block: Other             |     4 |     4 ||     8
         Reflection        |       |     1 ||     1

Table legend:
 A = Non-vault XP
 B = Vault XP
 C = Vault XP percentage of total XP
 D = Non-vault monster count
 E = Vault monster count
 F = Vault count percentage of total count
                 A         B        C        D         E       F
            +---------+---------+-------+---------+---------+-------
      Total |     157 |       0 |   0.0 |      52 |       0 |   0.0
            +---------+---------+-------+---------+---------+-------
        D:1 |      37 |       0 |   0.0 |      22 |       0 |   0.0
        D:2 |      37 |       0 |   0.0 |      15 |       0 |   0.0
        D:3 |      83 |       0 |   0.0 |      15 |       0 |   0.0
            +---------+---------+-------+---------+---------+-------
